tertium, neutral male human Tourist ------------ 0#######[#...........| |..........| #@).....{....| o ----+------- #r #rr # ------------# ) # |.......|...#)# #)# |.{..<.....|########## # ...........-##### -----|------ ------------ |..........| |..........| |..........| |..........| ------------ tertium the Excursionist Experience level: 6 Strength: 11 Dexterity: 10 Constitution: 18 Intelligence: 13 Wisdom: 7 Charisma: 18 Health: 0(43) Energy: 19(19) AC: -1 Gold: 77 Moves: 4516 Your Inventory: Coins $ - 77 gold pieces Amulets y - an uncursed amulet called ESP [of ESP] (being worn) Weapons a - an uncursed [+0] long sword (weapon in hand) b - an uncursed [+0] crude dagger [orcish] r - 26 +2 darts (in quiver) v - an [uncursed +0] knife X - 2 uncursed [+0] daggers Armor i - a blessed +2 leather armor [of telepathy] k - an uncursed +0 pair of hard shoes [iron] (being worn) p - an [uncursed] +0 hard hat [dwarvish iron helm] (being worn) w - a blessed +1 dwarvish mithril-coat (being worn) z - an [uncursed +0] iron skull cap [of searching (orcish helm)] Comestibles x - an uncursed lichen corpse M - an uncursed slime mold S - 2 uncursed tripe rations Scrolls t - 2 [blessed] unlabeled scrolls [of blank paper] u - 3 [uncursed] unlabeled scrolls [of blank paper] Tools j - an expensive camera (0:46) s - an uncursed credit card Gems o - an [uncursed] black gem [worthless glass] Spells known in the end: Name Level Category Fail Memory a - extra healing 3 healing 100% [|||||||.] b - clairvoyance 3 divination 100% [||||||||] c - light 1 divination 100% [||||||||] Your skills at the end: Fighting Skills Weapon Skills dart [Basic / Expert] Spellcasting Skills Final Attributes: You were piously aligned. Hunger level was 798. Your alignment was 32 / 32. Monster difficulty range was 0 - 5. Level difficulty was 5. You were telepathic. Your luck was zero. You are dead. Vanquished creatures: 4 Mordor orcs a pony a fog cloud 2 shriekers a gnome lord 2 paper golems 2 little dogs a floating eye 3 dwarves 3 homunculi a kobold lord 4 giant bats 2 orc zombies 2 dwarf zombies a wererat 3 iguanas a coyote a gas spore a hobgoblin 2 giant rats a yellow mold a green mold a red mold 5 gnomes a garter snake 2 gnome zombies 4 geckos 7 jackals 2 kobolds 2 goblins a grid bug 7 lichens 2 kobold zombies 5 newts 79 creatures vanquished. Voluntary challenges: You used a wielded weapon 70 times. You read items or engraved 4 times. You put on armor 12 times. You never genocided any monsters. You never polymorphed an object. You never changed form. You used no wishes. You abstained from Elbereth's help. You encountered 1 bones level. You never used any Sokoban shortcuts. Dungeon overview: The Dungeons of Doom: levels 1 to 5 Level 1 a long staircase Level 2 (vault) an altar to The Lady, a fountain Level 3 a fountain stairs to The Gnomish Mines Level 5 <- You were here some fountains The Gnomish Mines: Level 4 stairs to The Dungeons of Doom History has recorded: On T:1 you entered the Dungeons of Doom to retrieve the Amulet of Yendor! On T:220 you reached level 2 of The Dungeons of Doom. On T:805 you reached level 3 of The Dungeons of Doom. On T:829 you reached level 4 of The Dungeons of Doom. On T:970 you reached level 1 of The Gnomish Mines. On T:1111 you advanced to experience level 2. On T:1242 you advanced to experience level 3. On T:1783 you reached level 5 of The Dungeons of Doom. On T:1932 you advanced to experience level 4. On T:2960 you advanced to experience level 5. On T:4125 you advanced to experience level 6. Latest messages: [HP-5=10] You miss it. You kill the Mordor orc! [HP+1=11] $ - 36 gold pieces. z - a magical iron skull cap. There is a doorway here. You see here a spellbook of light. [HP+1=12] This doorway has no door. There is a doorway here. You see here a spellbook of light. [HP+1=13] The dart hits it. The Mordor orc hits! [HP-12=1] The dart misses it. The wood nymph pretends to be friendly. The beautiful wood nymph seduces you and you take off your cloak. She stole an uncursed +0 hooded cloak. r - a +2 dart (in quiver). The Mordor orc hits! You die... Final status: Aloha tertium the Tourist... You died in The Dungeons of Doom on dungeon level 5 with 1396 points, and 77 pieces of gold, after 4516 moves. You were level 6 with a maximum of 43 hit points when you died.